AoeStats
← sensticks

Arena

510435629Analyzed
2v2 RM · 2d ago on Oct 1, 2026· 50m 25s· 4 players
Game mode
Random Map
Map size
Medium (4 player)
Population
200
Speed
Normal
Resources
Standard
Victory
Conquest
Starting age
Dark Age
Ending age
Imperial Age
RankedLock teamsTeams togetherTeam positionsShared explorationLock speedFull tech treeHidden civsTurbo modeCheats
Victory
Defeat
🇨🇳 Slavs · China
950
+13
🇨🇦 Celts · Canada
846
+18
🇺🇸 Lithuanians · United States
896
-16
🇺🇸 Bohemians · United States
879
-15
Bengal.Bhainse
12:07 Feudal Age
13:37 Double-Bit Axe
15:59 Castle Age
14:37 Horse Collar
15:24 Loom
16:07 Light Cavalry
22:43 Wheelbarrow
23:09 Bow Saw
25:51 Chemistry
25:05 Masonry
25:37 Heavy Plow
26:40 Sanctity
26:26 Devotion
27:12 Husbandry
28:11 Padded Archer Armor
28:40 Town Watch
35:59 Imperial Age
33:33 Fletching
37:39 Conscription
37:26 Wagenburg Tactics
46:27 Scale Mail Armor
46:43 Leather Archer Armor
harshdeep
10:53 Feudal Age
15:14 Castle Age
13:35 Double-Bit Axe
13:59 Horse Collar
14:57 Loom
15:46 Gold Mining
18:09 Bow Saw
27:29 Wheelbarrow
26:42 Town Watch
27:47 Caravan
28:03 Scale Barding Armor
28:09 Forging
30:46 Elite Skirmisher
33:08 Hand Cart
34:32 Bloodlines
34:22 Husbandry
35:40 Iron Casting
35:26 Chain Barding Armor
35:08 Scale Mail Armor
34:58 Fletching
35:09 Padded Archer Armor
38:27 Imperial Age
36:49 Heavy Plow
37:48 Thumb Ring
39:19 Elite Leitis
40:00 Tower Shields
40:21 Conscription
41:32 Chemistry
40:52 Ballistics
40:29 Murder Holes
41:57 Leather Archer Armor
sensticks
10:14 Feudal Age
10:40 Double-Bit Axe
10:59 Horse Collar
13:28 Stone Mining
17:43 Castle Age
15:54 Loom
18:54 Bow Saw
18:48 Gold Mining
21:45 Pikeman
25:07 Wheelbarrow
26:50 Scale Mail Armor
27:00 Forging
27:39 Heavy Plow
32:58 Imperial Age
31:12 Forging
33:21 Capped Ram
34:13 Onager
42:34 Furor Celtica
43:11 Heavy Scorpion
43:32 Siege Onager
45:40 Halberdier
47:48 Iron Casting
47:29 Chain Mail Armor
51:09 Conscription
Zephyr.H
12:09 Feudal Age
13:55 Loom
17:13 Castle Age
15:32 Double-Bit Axe
16:27 Stone Mining
24:16 Gold Mining
25:31 Wheelbarrow
26:43 Bow Saw
26:45 Pikeman
27:24 Fletching
33:40 Imperial Age
31:46 Bodkin Arrow
32:02 Forging
31:53 Scale Mail Armor
31:56 Horse Collar
32:24 Scale Barding Armor
34:39 Halberdier
35:58 Conscription
35:42 Town Watch
37:45 Chain Barding Armor
37:41 Chain Mail Armor
38:02 Iron Casting
37:50 Heavy Scorpion
39:21 Capped Ram
40:58 Heavy Plow
41:13 Elite Boyar
45:13 Plate Barding Armor
45:09 Plate Mail Armor
45:44 Chemistry
44:56 Fortified Wall
47:47 Druzhina
Connection lost

Rejoining the realm…

Still unreachable

The connection could not be restored.

Session expired

The server has moved on; the page needs a fresh start.